 Dungeon Crawl Stone Soup version 0.29.1-13-g9f3cf754e1 (webtiles) character file.

Game seed: 12479317982768396969

755 FexLirch the Magician (level 8, 0/62 HPs)
             Began as a Djinni Transmuter on Jan 29, 2023.
             Was a Believer of Cheibriados.
             Slain by Prince Ribbit (8 damage)
             ... on level 6 of the Dungeon.
             The game lasted 00:09:51 (5688 turns).

FexLirch the Magician (Djinni Transmuter)           Turns: 5688, Time: 00:09:52

Health: 0/62       AC: 13    Str: 14    XL:     8   Next: 7%
Gold:   339        EV: 10    Int: 21    God:    Cheibriados [**....] SH:  0 Dex: 20

rFire   x . .      SeeInvis .     - Unarmed
rCold   + + +      Faith    .   (shield currently unavailable)
rNeg    . . .      Spirit   .   (body armour currently unavailable)
rPois   ∞          Reflect  .   (helmet currently unavailable)
rElec   .          Harm     .   (cloak currently unavailable)
rCorr   .          Rampage  .   (gloves currently unavailable)
Will    .....                   (boots unavailable)
Stlth   ++........              (no amulet)
HPRegen 0.20/turn               q - +4 ring of protection
MPRegen 0.00/turn               (no ring)

@: ice-form, flying, very slow
A: freezing attack, flying, boosted hp, sickness immunity, large, (fire
resistance 2), (cold vulnerability 1), float, innate caster, HP casting, extra
vitality 1
a: End Transformation, Renounce Religion, Bend Time


You were on level 6 of the Dungeon.
You worshipped Cheibriados.
Cheibriados was pleased with you.
You were a creature of crystalline ice.
You visited 1 branch of the dungeon, and saw 6 of its levels.

You collected 339 gold pieces.

Inventory:

Armour
 a - a +0 robe (melded)
 m - a +0 pair of gloves (melded)
 n - a +0 helmet (melded)
 o - an orb of guile
 w - a scarf of repulsion (melded)
Magical Staves
 s - a staff of air (melded)
Jewellery
 q - a +4 ring of protection (left front paw)
Wands
 t - a wand of polymorph (5)
Scrolls
 c - 7 scrolls of teleportation {unknown}
 d - a scroll of amnesia {unknown}
 e - 7 scrolls of identify {unknown}
 h - 2 scrolls of poison {unknown}
 i - 2 scrolls of fog {unknown}
 k - a scroll of immolation {unknown}
 v - a scroll of blinking {unknown}
Potions
 b - 3 potions of lignification
 f - 2 potions of might {unknown}
 g - 2 potions of heal wounds {unknown}
 j - 2 potions of ambrosia {unknown}
 l - a potion of haste {unknown}
 p - a potion of brilliance {unknown}
 r - a potion of curing
 u - a potion of mutation {unknown}
 x - a potion of experience {unknown}
 z - a potion of resistance {unknown}
 A - a potion of cancellation {unknown}


   Skills:
 - Level 1.0 Fighting
 - Level 2.1 Dodging
 - Level 3.0 Unarmed Combat
 + Level 6.6 Spellcasting


You had 4 spell levels left.
You knew the following spells:

 Your Spells              Type           Power      Damage    Failure   Level
a - Beastly Appendage     Tmut           68%        N/A       1%          1
b - Wereblood             Tmut           34%        N/A       1%          2
c - Spider Form           Tmut/Pois      34%        N/A       1%          3
d - Ice Form              Ice/Tmut       34%        N/A       6%          4
e - Shock                 Conj/Air       100%       1d9       1%          1
f - Call Imp              Summ           34%        N/A       1%          2
g - Tukima's Dance        Hex            34%        N/A       1%          3
Your spell library was empty.

Dungeon Overview and Level Annotations

Branches:
Dungeon (6/15)
 Temple: D:4-7

Altars:
Cheibriados
Hepliaklqana
Qazlal
Ru

Shops:
D:4 ([[   D:5 *

Annotations:
D:6 Prince Ribbit


Innate Abilities, Weirdness & Mutations

You are a creature of crystalline ice.
You have a powerful freezing melee attack.
You are flying.
Your maximum health is increased.
Your armour is entirely melded.
You are incapable of wielding weapons or throwing items.
You are immune to sickness and miasma.
You are immune to poison.
((Your flesh is very heat resistant. (rF++)))
((You are vulnerable to cold. (rC-)))
You float through the air rather than walking.
You learn spells naturally, not from books.
Your magical power is your life essence.
You have superior vitality. (+4 MHP)


Message History

Prince Ribbit croaks regally.
Prince Ribbit hits you!
* * * LOW HITPOINT WARNING * * *
You punch Prince Ribbit!
Prince Ribbit seems to slow down.
You freeze Prince Ribbit.
Prince Ribbit is heavily wounded.
Prince Ribbit hits you!
* * * LOW HITPOINT WARNING * * *
Really quaff the potion of lignification?
Okay, then.
Unknown command.
Okay, then.
Unknown command.
Okay, then.
Unknown command.
It was a potion of curing.
You feel better.
Prince Ribbit hits you but does no damage.
You feel better.
Prince Ribbit is no longer moving slowly.
Your crimson imp completely misses Prince Ribbit.
Prince Ribbit blinks!
A bolt of electricity appears from out of your range of vision.
The bolt of electricity hits your crimson imp!
Your crimson imp dies!
Your crimson imp disappears in a puff of smoke!
Prince Ribbit blinks!
There is a stone staircase leading up here.
Casting: Ice Form (dangerous; 6% risk of failure)
Confirm with . or Enter, or press ? or * to list all spells.
Aiming: Shock (safe; 1% risk of failure)
Press: ? - help, Shift-Dir - straight line, f - Prince Ribbit
Aim: Prince Ribbit (heavily wounded, 54% to hit)
The zap misses Prince Ribbit.
* * * LOW HITPOINT WARNING * * *
You punch Prince Ribbit! You freeze Prince Ribbit.
Prince Ribbit is severely wounded.
Prince Ribbit hits you!
* * * LOW HITPOINT WARNING * * *
Prince Ribbit hits you!
You die...

...............
...............
##....#§#####..
......#..#
#........##
..#.........##
.............#
.......##...##
........###FY#
##...........##
#.............#
#....#......###
+....#....###
#.........##
#..........##
#.......#...##
####.......##...#


You could see Prince Ribbit.

Vanquished Creatures
  3 phantoms (D:4)
  A scorpion (D:4)
  A vampire bat (D:3)
  A howler monkey (D:5)
  An orc priest (D:5)
  2 hounds
  2 iguanas
  9 adders
  2 worms
  A dart slug (D:5)
  3 fire bats (D:3)
  5 orcs (D:5)
  2 spectral bats (D:3)
  5 ball pythons
  9 bats
  A bat skeleton (D:3)
  A bat zombie (D:3)
  4 endoplasms
  2 giant cockroaches
  8 goblins
  8 hobgoblins
  10 jackals
  5 quokkas
  A bat simulacrum (D:3)
  3 frilled lizards
  7 kobolds
  2 rats (D:1)
99 creatures vanquished.

Vanquished Creatures (collateral kills)
  A bat (D:3)
  2 bat skeletons (D:3)
3 creatures vanquished.

Vanquished Creatures (others)
  10 plants (D:5)
10 creatures vanquished.

Grand Total: 112 creatures vanquished

Notes
Turn   | Place    | Note
-------+----------+-------------------------------------------
     0 | D:1      | FexLirch the Djinni Transmuter began the quest for the Orb.
     0 | D:1      | FexLirch set off with the following spells memorised:
                  | Beastly Appendage, Wereblood, Spider Form, Ice Form.
     0 | D:1      | Reached XP level 1. HP: 17/17 MP: 0/0
   136 | D:1      | Reached skill level 2 in Spellcasting
   136 | D:1      | Reached XP level 2. HP: 2/22 MP: 0/0
   648 | D:1      | HP: 1/22 [goblin/+0 dagger (3)]
  1039 | D:1      | Reached XP level 3. HP: 15/27 MP: 0/0
  1039 | D:1      | Learned a level 1 spell: Shock
  1817 | D:2      | Reached skill level 3 in Spellcasting
  1989 | D:2      | Reached XP level 4. HP: 25/32 MP: 0/0
  3105 | D:3      | Found a snail-covered altar of Cheibriados.
  3108 | D:3      | Reached XP level 5. HP: 35/37 MP: 0/0
  3108 | D:3      | Learned a level 2 spell: Call Imp
  3124 | D:3      | Became a worshipper of Cheibriados the Contemplative
  3227 | D:3      | Reached skill level 4 in Spellcasting
  3344 | D:3      | Reached * piety under Cheibriados
  3347 | D:3      | Reached XP level 6. HP: 32/42 MP: 0/0
  4102 | D:4      | Noticed a water elemental
  4107 | D:4      | Noticed a fire elemental
  4109 | D:4      | Found a stormy altar of Qazlal.
  4111 | D:4      | Noticed an air elemental
  4165 | D:4      | Reached skill level 5 in Spellcasting
  4182 | D:4      | Found Potex's Antique Armour Emporium.
  4183 | D:4      | Found Kelih's Antique Armour Shop.
  4259 | D:4      | Reached ** piety under Cheibriados
  4260 | D:4      | Reached XP level 7. HP: 47/47 MP: 0/0
  4260 | D:4      | Learned a level 3 spell: Tukima's Dance
  4357 | D:4      | Found Meneit's Weapon Shoppe.
  4807 | D:5      | Entered Level 5 of the Dungeon
  4807 | D:5      | Found a sacrificial altar of Ru.
  4829 | D:4      | Reached skill level 6 in Spellcasting
  5246 | D:5      | Reached XP level 8. HP: 52/52 MP: 0/0
  5376 | D:5      | Found Vacem's Overcharged Wands.
  5509 | D:5      | Found a hazy altar of Hepliaklqana.
  5576 | D:6      | Noticed Prince Ribbit
  5680 | D:6      | HP: 1/62 [Prince Ribbit (8)]
  5688 | D:6      | Slain by Prince Ribbit

Illustrated notes

Levels and vault maps discovered:
D:1:      enne_arrival_octagon_isle, layout_basic
D:2:      layout_rooms
D:3:      layout_rooms, lemuel_round_altar, chequers_arboretum, goddamned_bats
D:4:      layout_basic, grunt_temple_overflow_magic_moments,
          nicolae_qazlal_style_of_elements, serial_shops, kennysheep_little_box,
          minivault_26, nicolae_wooded_promenade
D:5:      layout_layer_cave, mainiacjoe_overflow_catch_the_wave,
          nicolae_shop_overcharged_wands
D:6:      layout_cave_pools, serial_park, serial_park_square3
          [serial_park_minivault_5x5_4], serial_park_fountain,
          serial_park_tiny_pond, serial_park_square1
          [serial_park_minivault_5x5_5], dk_noncrumbling_4, uniq_prince_ribbit1

Skill      XL: |  1  2  3  4  5  6  7 |
---------------+----------------------+-----
Spellcasting   | 2 3 4 5 6 |  6.6
Fighting       | |  1.0
Dodging        | |  2.1
Unarmed Combat | |  3.0

Action                   |  1- 3 |  4- 6 |  7- 9 || total
-------------------------+-------+-------+-------++-------
Melee: Unarmed           |    66 |    68 |    60 ||   194
       Headbutt          |    11 |       |       ||    11
       Punch             |     1 |       |       ||     1
 Cast: Beastly Appendage |    11 |     1 |       ||    12
       Wereblood         |     4 |     5 |     7 ||    16
       Shock             |    31 |    56 |    14 ||   101
       Spider Form       |     3 |     5 |       ||     8
       Call Imp          |       |     3 |     3 ||     6
       Ice Form          |       |     6 |    12 ||    18
  Use: Potion            |       |       |     2 ||     2
 Stab: Sleeping          |       |     2 |     1 ||     3
Armor: Robe              |     8 |    12 |     2 ||    22
       Skin              |       |    16 |    38 ||    54
Dodge: Dodged            |    61 |   117 |    33 ||   211
       Repelled          |       |       |     1 ||     1
